 Dungeon Crawl Stone Soup version 0.27-a0-899-ge2d0b17c59 (webtiles) character file.

Game seed: 3533879286177180966

1 CurlyBrace the Vexing (level 1, 0/7 HPs)
             Began as a Felid Enchanter on Apr 6, 2021.
             Slain by a kobold
             ... wielding a +0 dagger
              (2 damage)
             ... on level 2 of the Dungeon.
             The game lasted 00:01:16 (172 turns).

CurlyBrace the Vexing (Felid Enchanter)              Turns: 172, Time: 00:01:16

Health: 0/7        AC:  1    Str:  4    XL:     1   Next: 16%
Magic:  4/4        EV: 17    Int: 16    God:
Gold:   36         SH:  0    Dex: 16    Spells: 4/4 levels left
                                        Lives:  0   Deaths: 0

rFire    . . .     SeeInvis +     - Unarmed
rCold    . . .     Faith    +   (shield unavailable)
rNeg     . . .     Spirit   .   (armour unavailable)
rPois    .         Reflect  .   (helmet unavailable)
rElec    .         Harm     .   (cloak unavailable)
rCorr    .         Rampage  .   (gloves unavailable)
Will     .....                  (boots unavailable)
Stlth    +++.......             a - amulet of faith
HPRegen  0.02/turn              (no ring)
MPRegen  0.09/turn              (no ring)

@: quick
A: very small, claws 1, fangs 3, see invisible, speed 1, shaggy fur 1, stealthy
paws, no weapons or thrown items, no armour, multi-lived
a: no special abilities


You were on level 2 of the Dungeon.
You visited 1 branch of the dungeon, and saw 2 of its levels.

You collected 36 gold pieces.

Inventory:

Jewellery
 a - an amulet of faith (around neck)
   (You found it on level 1 of the Dungeon)
Scrolls
 b - a scroll of teleportation {unknown}


   Skills:
 * Level 0.1 Fighting
 + Level 2.7 Dodging
 - Level 4.0 Stealth
 * Level 1.0 Unarmed Combat
 - Level 2.0 Spellcasting
 - Level 4.4 Hexes


You had 4 spell levels left.
You didn't know any spells.
Your spell library contained the following spells:

 Spells                   Type           Power      Damage    Failure   Level
 Corona                   Hex            16%        N/A       3%          1
 Confusing Touch          Hex            15%        N/A       11%         3
 Tukima's Dance           Hex            15%        N/A       11%         3
 Ensorcelled Hibernation  Hex/Ice        16%        N/A       13%         2
 Dazzling Flash           Conj/Hex       16%        N/A       26%         3
 Gell's Gravitas          Tloc           0%         N/A       52%         3
 Petrify                  Tmut/Erth      1%         N/A       90%         4
 Metabolic Englaciation   Hex/Ice        4%         N/A       93%         5
 Yara's Violent Unravell  Hex/Tmut       4%         3d4       93%         5


Dungeon Overview and Level Annotations

Branches:
Dungeon (2/15)

Altars:


Innate Abilities, Weirdness & Mutations

You have sharp claws.
You have razor-sharp teeth.
You have supernaturally acute eyesight. (SInv)
You cover ground quickly. (Speed+)
You are covered in fur. (AC +1)
Your stealthy paws help you sneak and pounce on unaware monsters.
You are incapable of wielding weapons or throwing items.
You cannot wear armour.
You gain extra lives every three experience levels.


Message History

[Y]es or [N]o only, please.
Forget Corona, freeing 1 spell level for a total of 4?
Your memory of Corona unravels.
The frilled lizard bites you. The frilled lizard closely misses you.
The hobgoblin shouts!
You hear a shout!
The hobgoblin completely misses you.
A goblin comes into view. It is wielding a +0 club.
The goblin shouts!
Found a scroll labelled ROORIL BYKA and 5 gold pieces.
You see here a scroll labelled ROORIL BYKA.
b - a scroll labelled ROORIL BYKA
Found 9 gold pieces.
Found 10 gold pieces.
Found a stone staircase leading down.
You see here 9 gold pieces.
You now have 26 gold pieces (gained 9).
You see here 10 gold pieces.
You now have 36 gold pieces (gained 10).
There is a stone staircase leading down here.
The hobgoblin closely misses you.
The frilled lizard completely misses you.
You climb downwards.
A kobold comes into view. It is wielding a +0 dagger.
Found 12 gold pieces.
There is a stone staircase leading up here.
The frilled lizard misses you. 2 orcs come into view.
The kobold barely misses you. 2 orcs and an orc wizard come into view.
An adder comes into view.
The orc shouts!
The orc wizard shouts!
Found a stone staircase leading down.
The orc wizard gestures at itself while chanting.
The orc wizard flickers and vanishes for a moment.
The orc shouts!
The orc hits you with a +0 falchion.
Ouch! That really hurt!
* * * LOW HITPOINT WARNING * * *
The kobold hits you with a +0 dagger.
You die...

#########
######...#...##########
.......<......K.......#
####.........gl@o.....#
#..................#
#..........$.oo....#
##................>#
##...#...#....o...#
#...####.....oS..#
#.### ..........# #.
####.###### #. .#


You could see an orc wizard (invisible), an adder (wandering), 4 orcs, a
hobgoblin, a kobold and a frilled lizard.

Vanquished Creatures
  A bat (D:1)
  A rat (D:1)
2 creatures vanquished.

Notes
Turn   | Place    | Note
-------+----------+-------------------------------------------
     0 | D:1      | CurlyBrace the Felid Enchanter began the quest for the Orb.
     0 | D:1      | Reached XP level 1. HP: 7/7 MP: 4/4
   167 | D:2      | Noticed an orc wizard
   172 | D:2      | Slain by a kobold

Illustrated notes

Levels and vault maps discovered:
D:1:      wheals_arrival_linesprint, layout_rooms
D:2:      layout_rooms, basic_ecumenical_altar, uniq_sigmund

Action                   || total
-------------------------++-------
Melee: Unarmed           ||     4
  Use: Scroll            ||     1
Armor: Skin              ||     2
Dodge: Dodged            ||     7

Table legend: (Time is in decaauts)
 A = Elapsed time spent in this place.
 B = Non-inter-level travel time spent in this place.
 C = Inter-level travel time spent in this place.
 D = Time resting spent in this place.
 E = Time spent auto-exploring this place.
 F = Levels seen in this place.
 G = Mean time per level.
                   A        B        C        D        E       F      G
               +--------+--------+--------+--------+--------+-----+--------+
         Total |    141 |    141 |      0 |      0 |      0 |   2 |   70.5 |
       Dungeon |    141 |    141 |      0 |      0 |      0 |   2 |   70.5 |
               +--------+--------+--------+--------+--------+-----+--------+

Top non-repeatable levels by time:
     D:1: 133 daAuts
     D:2: 8 daAuts
